 Dungeon Crawl Stone Soup version 0.27-a0-906-g0a00ce863d (webtiles) character file.

Game seed: 12603791126010598232

97430 JPVeigar the Peltast (level 15, -3/198 HPs)
             Began as a Minotaur Gladiator on Apr 6, 2021.
             Was the Champion of Cheibriados.
             Killed by divine providence
             ... invoked by an orc priest
              (17 damage)
             ... on level 2 of the Orcish Mines.
             The game lasted 00:39:38 (23365 turns).

JPVeigar the Peltast (Minotaur Gladiator)          Turns: 23365, Time: 00:39:39

Health: -3/198     AC: 33    Str: 36    XL:     15   Next: 72%
Magic:  21/21      EV:  2    Int: 20    God:    Cheibriados [******]
Gold:   2042       SH: 17    Dex: 31    Spells: 14/14 levels left

rFire    + . .     SeeInvis .   v - +12 lance "Wyrmbane" {slay drac, rPois rF+ rC+ AC+3}
rCold    + + +     Faith    .   V - +0 kite shield {AC+3}
rNeg     + + +     Spirit   .   (armour currently unavailable)
rPois    +         Reflect  .   (helmet currently unavailable)
rElec    .         Harm     .   (cloak currently unavailable)
rCorr    .         Rampage  .   (gloves currently unavailable)
Will     +....     NoTele   +   (boots currently unavailable)
Stlth    ++........             j - amulet of the acrobat
HPRegen  0.43/turn              b - ring of protection from cold
MPRegen  0.17/turn              C - ring of protection from cold

@: tree-form, studying Throwing, very slow
A: stationary, stasis, torment immunity, boosted hp, (horns 2), (retaliatory
headbutt)
a: Renounce Religion, Bend Time, Temporal Distortion, Slouch, Step From Time


You were on level 2 of the Orcish Mines.
You worshipped Cheibriados.
Cheibriados was exalted by your worship.
You were a tree.
You visited 4 branches of the dungeon, and saw 24 of its levels.
You also visited: Ice Cave.

You collected 2042 gold pieces.

Inventory:

Hand Weapons
 g - a +5 great sword
 v - the +12 lance "Wyrmbane" (weapon) {slay drac, rPois rF+ rC+ AC+3}
   (You took it off Maggie on level 7 of the Dungeon)

   It affects your AC (+3).
   It protects you from fire.
   It protects you from cold.
   It protects you from poison.
Missiles
 d - 5 throwing nets
 i - 8 datura-tipped darts (quivered)
 u - 5 curare-tipped darts
 W - 3 atropa-tipped darts
Armour
 k - a +1 pair of boots of flying
 q - the +9 scales of the Dragon King (melded) {rPois rF+ rC+ Will+}
   (You found it on level 7 of the Dungeon)

   It protects you from fire.
   It protects you from cold.
   It protects you from poison.
   It increases your willpower.
 r - a +1 hat (melded)
 y - a +1 cloak (melded)
 D - a +0 pair of boots (melded)
 Q - a +2 pair of gloves (melded)
 U - the +2 shield of Resistance {rF++ rC++ Will++}
   (You found it on level 14 of the Dungeon)

   It greatly protects you from fire.
   It greatly protects you from cold.
   It greatly increases your willpower.
 V - a +0 kite shield of protection (worn)
Jewellery
 b - a ring of protection from cold (left branch)
 c - a +4 ring of protection
 h - a ring of willpower
 j - an amulet of the acrobat (around neck)
 o - a +4 ring of protection
 C - a ring of protection from cold (right branch)
Wands
 x - a wand of paralysis (17)
 G - a wand of charming (8)
 J - a wand of digging (6)
 K - a wand of iceblast (38)
 S - a wand of polymorph (7)
Scrolls
 a - 2 scrolls of fog
 m - 4 scrolls of identify
 n - 7 scrolls of teleportation
 p - 4 scrolls of enchant weapon
 s - 5 scrolls of amnesia
 I - 3 scrolls of magic mapping
 N - 3 scrolls of enchant armour
 O - 2 scrolls of fear
 X - a scroll of holy word
 Y - a scroll of silence
Potions
 e - 4 potions of lignification
 f - 5 potions of heal wounds
 l - 15 potions of curing
 A - a potion of might
 E - 2 potions of mutation
 L - 4 potions of ambrosia
 M - 4 potions of resistance
 P - a potion of cancellation
 T - 2 potions of invisibility


   Skills:
 + Level 12.1 Fighting
 - Level 12.0 Long Blades
 - Level 12.0 Polearms
 - Level 12.2 Throwing
 - Level 12.5 Armour
 - Level 10.0 Dodging
 - Level 15.0 Shields
 - Level 10.5 Invocations


You had 14 spell levels left.
You didn't know any spells.
Your spell library contained the following spells:

 Spells                   Type           Power      Damage    Failure   Level
 Animate Skeleton         Necr           0%         N/A       19%         1
 Pain                     Necr           0%         1d4       19%         1
 Ensorcelled Hibernation  Hex/Ice        0%         N/A       28%         2
 Passwall                 Tmut/Erth      0%         N/A       28%         2
 Swiftness                Air            0%         N/A       28%         2
 Confusing Touch          Hex            0%         N/A       50%         3
 Gell's Gravitas          Tloc           0%         N/A       50%         3
 Vampiric Draining        Necr           0%         2d6       50%         3
 Animate Armour           Summ/Erth      0%         N/A       88%         4
 Animate Dead             Necr           0%         N/A       88%         4
 Passage of Golubria      Tloc           N/A        N/A       88%         4
 Petrify                  Tmut/Erth      0%         N/A       88%         4
 Agony                    Necr           0%         N/A       99%         5
 Borgnjor's Vile Clutch   Necr/Erth      0%         N/A       99%         5
 Lee's Rapid Deconstruct  Erth           0%         3d5*      99%         5
 Metabolic Englaciation   Hex/Ice        0%         N/A       99%         5
 Silence                  Hex/Air        0%         N/A       99%         5
 Yara's Violent Unravell  Hex/Tmut       0%         3d3       99%         5
 Invisibility             Hex            0%         N/A       100%        6
 Shadow Creatures         Summ           N/A        N/A       100%        6


Dungeon Overview and Level Annotations

Branches:
Dungeon (15/15)            Temple (1/1) D:4            Lair (6/6) D:8
 Shoals (0/4) Lair:4        Snake (0/4) Lair:3        Slime (0/5) Lair:5
    Orc (2/2) D:9             Elf (0/3) Orc:2        Vaults (0/5) D:14
 Depths (0/5) D:15          IceCv (visited)

Altars:
Ashenzari
Cheibriados
Dithmenos
Elyvilon
Fedhas
Gozag
Hepliaklqana
Kikubaaqudgha
Makhleb
Nemelex Xobeh
Okawaru
Qazlal
Ru
Sif Muna
Trog
Uskayaw
Vehumet
Wu Jian
Xom
Yredelemnul
Zin
The Shining One

Shops:
D:10 (   D:15 (:((

Portals:
Hell: Lair:6

Annotations:
D:14 1 runed translucent door
Lair:1 exclusion: 2 oklob plants
Lair:2 exclusion: oklob plant


Innate Abilities, Weirdness & Mutations

You are a tree.
Your roots penetrate the ground, keeping you stationary.
You cannot be teleported.
You are immune to unholy pain and torment.
Your maximum health is greatly increased.
Your equipment is partially melded.
((You have a pair of horns on your head.))
((You reflexively headbutt those who attack you in melee.))


Message History

You turn into a tree.
Your +1 cloak melds into your body.
Your +1 hat melds into your body.
Your +2 pair of gloves melds into your body.
Your +0 pair of boots melds into your body.
The +9 scales of the Dragon King {rPois rF+ rC+ Will+} melds into your body.
Your roots penetrate the ground.
The orc no longer looks unusually strong.
The orc knight roars a battlecry!
The orc goes into a battle-frenzy!
The orc warrior hits you from afar with a +0 halberd!!
The orc priest mumbles some strange prayers to Beogh against you.
Beogh smites you! You block the sun demon's attack.
The orc priest miscasts a cantrip.
You are too injured to fight recklessly!
You are too injured to fight recklessly!
You are too injured to fight recklessly!
You hit the sun demon but do no damage.
The sun demon is lightly wounded.
You block the orc knight's attack. The sun demon hits you!
* * * LOW HITPOINT WARNING * * *
You are engulfed in flames!
You resist.
* * * LOW HITPOINT WARNING * * *
The orc warrior hits you from afar with a +0 halberd.
* * * LOW HITPOINT WARNING * * *
You hit the sun demon but do no damage.
The sun demon is lightly wounded.
You block the sun demon's attack.
Unknown command.
You impale the sun demon!!
The sun demon is moderately wounded.
You block the sun demon's attack.
The orc knight hits you with a +0 vorpal dire flail!
* * * LOW HITPOINT WARNING * * *
x2 The orc warrior hits you from afar with a +0 glaive.
* * * LOW HITPOINT WARNING * * *
You block the sun demon's attack.
The orc warrior hits you but does no damage.
The orc priest calls down the wrath of Beogh upon you.
Beogh smites you!
You die...

......#.........#...
...................##..#
.............#..........
.................#.....#
......................##
.....).................#
.........#.............#
...............o......#
...............3♣###...
...............3#o#.#..
.....#........ooooT...^
<............oo..o.....
...................#.#..
........................
)..................#....
..............))).......
.......................


You could see an orc knight, 2 sun demons, a troll, an orc sorcerer (strong), 3
orc warriors, 2 orc priests and an orc (strong).

Vanquished Creatures
  An orc warlord (Orc:2)
  2 dire elephants
  Nessos (D:13)
  Snorg (D:14)
  2 fire dragons (D:14)
  Fannar (D:11)
  Erolcha (D:11)
  2 ice dragons (D:14)
  6 hydras
  4 boulder beetles
  6 centaur warriors
  A catoblepas (Lair:5)
  3 two-headed ogres
  2 dancing weapons (D:14)
  A death knight (D:15)
  5 tengu warriors
  The ghost of chippings the Thaumaturge, a journeyman DEFE of Sif Muna (Lair:1)
  5 death yaks (Lair:4)
  A sun demon (Lair:6)
  A skeletal warrior (D:15)
  A phantasmal warrior (D:15)
  Pikel (D:7)
  A lindwurm (Lair:6)
  A wizard (Lair:6)
  An orc knight (Orc:2)
  A wolf spider (D:15)
  A deep elf pyromancer (D:13)
  An orc sorcerer (Orc:1)
  7 cyclopes
  A salamander (D:15)
  3 manticores
  8 ugly things
  9 elephants
  5 black mambas
  The ghost of Mrcawl the Slasher, a novice MiFi (D:5)
  2 ice statues (IceCv)
  A torpor snail (Lair:3)
  Maggie (D:7)
  A gargoyle (D:11)
  3 orange demons (Lair:6)
  11 cane toads
  2 rime drakes
  2 unseen horrors
  2 freezing wraiths
  9 komodo dragons
  2 red devils (Lair:6)
  A hellwing (Lair:6)
  2 ice devils (Lair:3)
  2 tengu conjurers
  A meliai (shapeshifter) (D:15)
  A queen bee (Lair:1)
  5 trolls
  2 polar bears
  3 hornets
  25 blink frogs
  6 slime creatures
  12 dream sheep
  4 shadows
  A vampire (D:12)
  3 wraiths
  72 yaks
  A wyvern (D:8)
  2 centaur simulacra
  4 basilisks
  A steam dragon (D:9)
  2 wargs (Orc:1)
  14 vampire mosquitoes
  3 acid dragons
  5 hell hounds (Lair:6)
  19 water moccasins
  Duvessa (D:7)
  A swamp drake (D:9)
  21 orc warriors
  3 black bears
  8 ice beasts
  4 ogres
  A phantom (D:5)
  23 wolves
  8 centaurs
  2 kobold brigands
  A lemure (D:7)
  9 bullfrogs
  A gnoll sergeant (D:9)
  A wyvern zombie (D:7)
  2 water moccasin zombies
  Dowan (D:7)
  2 scorpions
  3 water moccasin skeletons (D:5)
  18 killer bees
  21 wights
  10 howler monkeys
  A lava snake (D:8)
  2 bullfrog zombies (D:5)
  2 centaur zombies
  3 jellies
  9 orc priests
  A hound (D:5)
  A bullfrog skeleton (D:6)
  Natasha (thrice) (D:3)
  14 orc wizards
  6 hell rats (Lair:3)
  A killer bee zombie (D:6)
  A hound zombie (D:5)
  2 hound skeletons (D:5)
  A howler monkey zombie (D:9)
  7 gnolls
  14 adders
  A shadow imp (D:6)
  3 ufetubi
  A worm (D:2)
  A dart slug (D:2)
  72 orcs
  6 bats
  5 endoplasms
  3 giant cockroaches
  2 goblins
  9 hobgoblins
  9 jackals
  12 kobolds
  4 quokkas
  6 ball pythons
  3 frilled lizards
  3 rats
665 creatures vanquished.

Vanquished Creatures (others)
  A vampire mosquito (D:10)
  An orc wizard (D:11)
  A bush (Lair:6)
  40 fungi
  117 plants
  3 toadstools (D:9)
163 creatures vanquished.

Grand Total: 828 creatures vanquished

Notes
Turn   | Place    | Note
-------+----------+-------------------------------------------
     0 | D:1      | JPVeigar the Minotaur Gladiator began the quest for the
                  | Orb.
     0 | D:1      | Reached XP level 1. HP: 18/18 MP: 0/0
   134 | D:1      | Found a faded altar of an unknown god.
   423 | D:1      | Reached XP level 2. HP: 26/26 MP: 1/1
   928 | D:2      | Reached XP level 3. HP: 14/34 MP: 2/2
  1389 | D:2      | Reached skill level 5 in Fighting
  1693 | D:3      | Reached XP level 4. HP: 42/42 MP: 3/3
  1744 | D:3      | Reached skill level 1 in Armour
  2111 | D:3      | Found a shadowy altar of Dithmenos.
  2113 | D:3      | Found an ancient bone altar of Kikubaaqudgha.
  2154 | D:3      | Found an iron altar of Okawaru.
  2299 | D:3      | Reached XP level 5. HP: 49/50 MP: 4/4
  2425 | D:3      | Found a radiant altar of Vehumet.
  2441 | D:3      | Noticed Natasha
  2445 | D:3      | Killed Natasha
  2663 | D:3      | Noticed Natasha
  2669 | D:3      | Killed Natasha
  2775 | D:3      | Noticed Natasha
  2782 | D:3      | Killed Natasha
  3050 | D:4      | Found a staircase to the Ecumenical Temple.
  3113 | D:4      | Reached XP level 6. HP: 57/57 MP: 5/5
  3243 | D:4      | Reached skill level 5 in Armour
  3518 | Temple   | Entered the Ecumenical Temple
  3682 | Temple   | Became a worshipper of Cheibriados the Contemplative
  3731 | D:5      | Entered Level 5 of the Dungeon
  3882 | D:5      | Found a runed translucent door.
  3882 | D:5      | Noticed Mrcawl's ghost (novice MiFi)
  3960 | D:5      | Killed Mrcawl's ghost
  3961 | D:5      | Reached XP level 7. HP: 5/63 MP: 6/6
  4389 | D:5      | Reached skill level 5 in Dodging
  4514 | D:5      | Reached XP level 8. HP: 65/70 MP: 7/7
  4602 | D:5      | Reached * piety under Cheibriados
  5170 | D:6      | Found a bloodstained altar of Trog.
  6111 | D:7      | Reached skill level 10 in Dodging
  6111 | D:7      | Reached XP level 9. HP: 66/75 MP: 8/8
  6171 | D:7      | Noticed Duvessa
  6174 | D:7      | Noticed Dowan
  6183 | D:7      | Killed Duvessa
  6188 | D:7      | Killed Dowan
  6357 | D:7      | Found the +9 scales of the Dragon King {rPois rF+ rC+
                  | Will+}
  6450 | D:7      | Reached ** piety under Cheibriados
  6451 | D:7      | Reached skill level 5 in Long Blades
  6515 | D:7      | Noticed Pikel
  6529 | D:7      | Killed Pikel
  7166 | D:7      | Noticed Maggie
  7173 | D:7      | Killed Maggie
  7174 | D:7      | Reached XP level 10. HP: 88/91 MP: 9/9
  7411 | D:8      | Noticed an elephant
  7424 | D:8      | Reached *** piety under Cheibriados
  7436 | D:8      | Killed an elephant
  7437 | D:8      | Reached skill level 10 in Fighting
  7576 | D:8      | Found a staircase to the Lair.
  7828 | D:8      | Found an opulent altar of Gozag.
  7838 | D:8      | Noticed a two-headed ogre
  7845 | D:8      | Killed a two-headed ogre
  7846 | D:8      | Reached skill level 10 in Long Blades
  8143 | D:9      | Reached **** piety under Cheibriados
  8174 | D:9      | Reached XP level 11. HP: 98/104 MP: 10/10
  8372 | D:9      | Found a staircase to the Orcish Mines.
  8378 | D:9      | Reached ***** piety under Cheibriados
  8884 | D:10     | Entered Level 10 of the Dungeon
  8985 | D:10     | Reached skill level 1 in Invocations
  9378 | D:10     | Found Zoxka's Antique Weapon Boutique.
  9937 | D:11     | Noticed Fannar
  9949 | D:11     | Killed Fannar
  9951 | D:11     | Reached skill level 5 in Invocations
  9981 | D:11     | Noticed Erolcha
  9987 | D:11     | Killed Erolcha
 10469 | D:11     | Noticed a two-headed ogre
 10472 | D:11     | Killed a two-headed ogre
 10473 | D:11     | Reached XP level 12. HP: 112/112 MP: 17/17
 10784 | D:12     | Noticed a two-headed ogre
 10788 | D:12     | Killed a two-headed ogre
 10996 | D:12     | Reached skill level 10 in Invocations
 11159 | D:12     | Identified a scroll of acquirement
 11159 | D:12     | Acquired a manual of Throwing
 11467 | D:12     | Reached ****** piety under Cheibriados
 11538 | D:13     | Reached skill level 5 in Throwing
 11575 | D:13     | Noticed a boulder beetle
 11587 | D:13     | Killed a boulder beetle
 11767 | D:13     | Noticed a centaur warrior
 11874 | D:13     | Noticed a tengu warrior
 11874 | D:13     | Noticed a tengu warrior
 11881 | D:13     | Killed a tengu warrior
 11884 | D:13     | Killed a tengu warrior
 11917 | D:13     | Noticed Nessos
 11923 | D:13     | Killed Nessos
 11924 | D:13     | Reached skill level 10 in Throwing
 12170 | D:13     | Killed a centaur warrior
 12290 | D:13     | Noticed a centaur warrior
 12294 | D:13     | Killed a centaur warrior
 12558 | D:13     | Noticed a centaur warrior
 12564 | D:13     | Killed a centaur warrior
 12565 | D:13     | Reached XP level 13. HP: 118/118 MP: 19/19
 12703 | D:14     | Found a runed translucent door.
 12703 | D:14     | Noticed a fire dragon
 12703 | D:14     | Noticed a fire dragon
 12704 | D:14     | Found the +2 shield of Resistance {rF++ rC++ Will++}
 12718 | D:14     | Reached skill level 1 in Polearms
 12742 | D:14     | Reached skill level 5 in Polearms
 13047 | D:14     | Found a gate to the Vaults.
 13051 | D:14     | Noticed Snorg
 13063 | D:14     | Killed Snorg
 13404 | D:14     | Found a runed translucent door.
 13563 | D:15     | Entered Level 15 of the Dungeon
 13563 | D:15     | Found Zuduwuar's Weapon Boutique.
 13675 | D:15     | Found Xaucw's Book Emporium.
 13698 | D:15     | Identified the +6 mace of Annoyance {protect, +Inv Str+4}
 13856 | D:15     | Found Ifanut's Antique Weapon Boutique.
 14021 | D:15     | Found a staircase to the Depths.
 14021 | D:15     | Noticed a dire elephant
 14024 | D:15     | Reached skill level 10 in Polearms
 14031 | D:15     | Killed a dire elephant
 14219 | D:15     | Found Heot's Antique Weapon Emporium.
 15267 | D:14     | Reached XP level 14. HP: 122/126 MP: 20/20
 15287 | D:14     | Reached skill level 10 in Armour
 15511 | Lair:1   | Entered Level 1 of the Lair of Beasts
 15579 | Lair:1   | Noticed chippings's ghost (journeyman DEFE)
 15598 | Lair:1   | Reached skill level 1 in Shields
 15604 | Lair:1   | Reached skill level 2 in Shields
 15634 | Lair:1   | Reached skill level 3 in Shields
 15816 | Lair:1   | Found a transporter.
 15816 | Lair:1   | Found a transporter.
 16077 | Lair:1   | Reached skill level 4 in Shields
 16138 | Lair:1   | Reached skill level 5 in Shields
 16843 | Lair:1   | Reached skill level 6 in Shields
 16860 | Lair:1   | Killed chippings's ghost
 16949 | Lair:2   | Reached skill level 7 in Shields
 17251 | Lair:2   | Reached skill level 8 in Shields
 17874 | Lair:3   | Reached skill level 9 in Shields
 17923 | Lair:3   | Found a staircase to the Snake Pit.
 18094 | Lair:3   | Found a frozen archway.
 18116 | IceCv    | Entered an ice cave
 18117 | IceCv    | Found a transporter.
 18128 | IceCv    | Reached skill level 10 in Shields
 18217 | IceCv    | Found a transporter.
 18455 | IceCv    | Identified the +3 leather armour "Kiovyo Mosea" {Harm}
 18613 | Lair:3   | Reached skill level 11 in Shields
 19145 | Lair:4   | Reached skill level 12 in Shields
 19304 | Lair:4   | Found a staircase to the Shoals.
 19798 | Lair:4   | Reached XP level 15. HP: 129/132 MP: 21/21
 20341 | Lair:5   | Reached skill level 13 in Shields
 20605 | Lair:5   | You fall into a shaft and drop 1 floor!
 20605 | Lair:6   | Entered Level 6 of the Lair of Beasts
 20652 | Lair:6   | Found a burning altar of Makhleb.
 20693 | Lair:6   | Reached skill level 14 in Shields
 21067 | Lair:5   | Found a staircase to the Slime Pits.
 21547 | Lair:6   | Reached skill level 15 in Shields
 22345 | Lair:6   | Identified the +5 quarterstaff "Mudgheeg" {vorpal, +Rage
                  | rC++ Int-5}
 22578 | Lair:6   | Found a gateway to Hell.
 22820 | Orc:1    | Entered Level 1 of the Orcish Mines
 23045 | Orc:2    | Entered Level 2 of the Orcish Mines
 23055 | Orc:2    | Noticed an orc warlord
 23194 | Orc:2    | Killed an orc warlord
 23337 | Orc:2    | Found a staircase to the Elven Halls.
 23365 | Orc:2    | Killed from afar by an orc priest

Illustrated notes

Levels and vault maps discovered:
D:1:      dpeg_arrival_rooms_b, layout_basic, basic_ecumenical_altar
D:2:      layout_loops_ring, st_stairs_11, lemuel_flame_loot_1
D:3:      layout_rooms, vehumet_crystals, grunt_dithmenos_smoke,
          lemuel_doored_altar, okawaru_ov_weapons_minmay,
          minmay_misc_feat_cross, chequers_avenue, uniq_natasha
D:4:      layout_basic, minmay_temple_entry_enclosed_plants
D:5:      layout_basic, serial_undead, serial_undead_f, serial_undead_d,
          serial_undead_d, serial_undead_c, gammafunk_ghost_grave
D:6:      layout_basic, lemuel_round_altar, minmay_misc_feat_encased,
          ebering_dispersal_statue_hall
D:7:      layout_basic, minmay_bent, uniq_maggie, uniq_duvessa, uniq_pikel
D:8:      layout_basic, nicolae_gozag_seed_capital, david_lair_generic,
          kennysheep_generic_room_4
D:9:      layout_rooms, erik_orc_1, minmay_gold_behind_fungi,
          minmay_variable_closet, hangedman_decor_diamond_cutter
D:10:     layout_basic, serial_shops, shop, lemuel_old_faithful
D:11:     layout_loops_ring, uniq_erolcha, uniq_fannar
D:12:     layout_long_grid, small_statue_intersection, minivault_1
D:13:     layout_basic, uniq_nessos
D:14:     layout_rooms, erik_vaults_1, chequers_serial_rivers_micro_e,
          minmay_guarded_unrand_resistance, uniq_snorg
D:15:     hangedman_depths_entry_try_elsewhere_first, layout_loops_corners,
          serial_shops, nicolae_shop_temple_entry_statues_fountains,
          nicolae_shop_behind_doors, shop, nicolae_shop_statue_plus,
          small_statue_intersection
Temple:   eino_temple_scatter_basement
Lair:1:   layout_loops_ring, gammafunk_ghost_hive,
          chequers_serial_rivers_micro_c, chequers_serial_rivers_micro_a,
          minmay_lair_oklob_chamber, lemuel_fruit_tree, grunt_megastairs_5
Lair:2:   layout_gridlike, grunt_megastairs_1
Lair:3:   layout_chaotic_city, minmay_snake_entry_six_corridors,
          portal_ice_cave_demonic_guard
Lair:4:   layout_layer_cave, shoals_dummy_entry
Lair:5:   layout_roguey, minmay_slime_entry_pillars
Lair:6:   evil_forest, layout_gridlike, infiniplex_staircase_pool_2
Orc:1:    layout_caves, basic_altar
Orc:2:    st_orc_open, layout_caves, gauntlet_entry_generic, uniq_josephine

Skill      XL: |  1  2  3  4  5  6  7  8  9 10 11 12 13 14 15 |
---------------+----------------------------------------------+-----
Fighting       | 3 4 5 6 9 11 12 | 12.1
Armour         | 1 4 8 9 10 12 | 12.5
Dodging        | 4 5 10 | 10.0
Long Blades    | 8 10 12 | 12.0
Invocations    | 8 10 | 10.5
Throwing       | 12 | 12.2
Polearms       | 12 | 12.0
Shields        | 12 15 | 15.0

Action                   |  1- 3 |  4- 6 |  7- 9 | 10-12 | 13-15 || total
-------------------------+-------+-------+-------+-------+-------++-------
Melee: Long sword        |    52 |   133 |   128 |       |       ||   313
       Headbutt          |    11 |    21 |    68 |   113 |   357 ||   570
       Great sword       |       |       |    71 |   272 |   140 ||   483
       Dagger            |       |       |       |       |     8 ||     8
       Lance             |       |       |       |       |   849 ||   849
Invok: Slouch            |       |       |       |       |     4 ||     4
       Bend Time         |       |       |       |       |     1 ||     1
  Use: Scroll            |       |       |    12 |     5 |     8 ||    25
       Potion            |       |       |       |       |     1 ||     1
 Stab: Confused          |       |       |       |     1 |       ||     1
Armor: Leather armour    |     2 |       |       |       |       ||     2
       Ring mail         |    12 |    34 |       |       |       ||    46
       Plate armour      |       |    16 |    86 |       |       ||   102
       Gold dragon scale |       |       |   113 |   281 |   407 ||   801
       Skin              |       |       |       |       |     1 ||     1
Dodge: Dodged            |    52 |    79 |   124 |   439 |   517 ||  1211
Block: Kite shield       |       |       |       |       |   508 ||   508
       Rpst.: Long sword |    14 |    16 |    26 |       |       ||    56
       Great sword       |       |       |    11 |    95 |    23 ||   129

Table legend: (Time is in decaauts)
 A = Elapsed time spent in this place.
 B = Non-inter-level travel time spent in this place.
 C = Inter-level travel time spent in this place.
 D = Time resting spent in this place.
 E = Time spent auto-exploring this place.
 F = Levels seen in this place.
 G = Mean time per level.
                   A        B        C        D        E       F      G
               +--------+--------+--------+--------+--------+-----+--------+
         Total |  33996 |  30893 |   3103 |   2279 |  24719 |  25 | 1359.8 |
       Dungeon |  21360 |  19042 |   2318 |    917 |  15748 |  15 | 1424.0 |
        Temple |    192 |    171 |     21 |      0 |    158 |   1 |  192.0 |
          Lair |  11269 |  10543 |    726 |    968 |   8427 |   6 | 1878.2 |
  Orcish Mines |    752 |    715 |     37 |    129 |    386 |   2 |  376.0 |
      Ice Cave |    421 |    421 |      0 |    265 |      0 |   1 |  421.0 |
               +--------+--------+--------+--------+--------+-----+--------+

Top non-repeatable levels by time:
  Lair:4: 2325 daAuts
  Lair:6: 2284 daAuts
  Lair:1: 2244 daAuts
    D:15: 2183 daAuts
    D:13: 2115 daAuts
    D:10: 1703 daAuts
    D:12: 1688 daAuts
     D:7: 1630 daAuts
  Lair:2: 1613 daAuts
     D:6: 1581 daAuts
    D:14: 1526 daAuts
     D:9: 1484 daAuts
  Lair:3: 1466 daAuts
    D:11: 1380 daAuts
  Lair:5: 1335 daAuts
